 Dungeon Crawl Stone Soup version 0.28-a0-1152-g9c71ebef14 (webtiles) character file.

Game seed: 12851043080955052659

128 spaghetti the Sneak (level 5, -1/41 HPs)
             Began as an Octopode Delver on Dec 14, 2021.
             Succumbed to a kobold brigand's curare-tipped dart
             ... in a sewer.
             The game lasted 00:02:39 (1244 turns).

spaghetti the Sneak (Octopode Delver)               Turns: 1244, Time: 00:02:39

Health: -1/41      AC:  1    Str:  9    XL:     5   Next: 12%
Magic:  5/5        EV: 13    Int: 14    God:
Gold:   24         SH:  0    Dex: 14    Spells: 4/4 levels left

rFire   . . .      SeeInvis .   a - +0 hand axe {axe}
rCold   . . .      Faith    .   (no shield)
rNeg    . . .      Spirit   .   (helmet restricted)
rPois   .          Reflect  .   (no amulet)
rElec   .          Harm     .   (no ring)
rCorr   .          Rampage  .   (no ring)
Will    .....                   (no ring)
Stlth   +++++.....              (no ring)
HPRegen 0.13/turn               (no ring)
MPRegen 0.09/turn               (no ring)
                                (no ring)
                                (no ring)

@: lethally poisoned (-1 -> -3), slowed, very slow
A: almost no armour, amphibious, 8 rings, camouflage 1, gelatinous body 1,
nimble swimmer 1, tentacles, weak 1, no potion heal 1
a: no special abilities


You were in a sewer.
You visited 1 branch of the dungeon, and saw 2 of its levels.
You also visited: Sewer.

You collected 24 gold pieces.


Innate Abilities, Weirdness & Mutations

You cannot wear most types of armour.
You are amphibious.
You can wear up to eight rings at the same time.
Your skin changes colour to match your surroundings (Stealth+).
Your rubbery body absorbs attacks. (AC +1, EV +1)
You are camouflaged near water. (Stealth+)
You have tentacles for arms and can constrict up to eight enemies at once.
You are weak. (Str -2)
Potions are less effective at restoring your health.


   Skills:
 + Level 5.6 Fighting
 - Level 2.0 Axes
 - Level 2.0 Dodging
 - Level 6.6 Stealth


You had 4 spell levels left.
You didn't know any spells.
Your spell library was empty.

Inventory:

Hand Weapons
 a - a +0 hand axe (weapon) {axe}
Missiles
 g - 24 stones (quivered) {throwing}
Wands
 f - a wand of digging (3)
Scrolls
 b - 2 scrolls of fog
 c - a scroll of magic mapping {!r}

Dungeon Overview and Level Annotations

Branches:
Dungeon (6/15)              Sewer (1/1)
 Temple: D:4-7

Altars:

#############################
≈≈≈≈≈≈≈≈≈≈≈≈≈≈≈≈≈≈≈≈≈≈≈≈≈≈÷≈#
≈≈≈≈≈≈≈≈≈≈≈≈≈≈≈≈≈≈≈≈≈≈≈≈≈≈≈≈#
########≈≈≈≈≈@###############
#)?##≈#≈#≈#!.#.?#
K.K.#≈#≈#≈##.....#
#.K.###≈#÷#≈##...## #.K.K
#≈#≈#≈##.....# #....
##≈#≈#≈#.....#
###'###≈#≈#≈####'###
...≈≈≈≈≈≈≈≈≈≈....#
...≈.≈≈≈≈≈≈≈≈....##


There were no monsters in sight!


Message History

The river rat barely misses you. 😱 HP[-9]
You take 9 damage, and now have 3/39 hp.
MASSIVE DAMAGE!! (PAUSE) Unknown command.
Unknown command.
You hit the river rat but do no damage. You squeeze the river rat.
You constrict the river rat, but do no damage.
The river rat misses you. 😱 HP[+1]
You hit the river rat but do no damage.
You constrict the river rat, but do no damage.
The river rat bites you but does no damage.
Unknown command.
Unknown command.
You hit the river rat but do no damage. You constrict the river rat.
The river rat closely misses you.
You hit the river rat. You constrict the river rat.
You kill the river rat!
You now have 41 max hp (+2).
You start resting. 😎 HP[+37]
Your hp is fully restored (41).
You see here a river rat skeleton.
g - 19 stones {throwing} (gained 1)
g - 20 stones {throwing} (gained 1)
g - 25 stones {throwing} (gained 5)
You see here an adder skeleton.
Okay, then.
Unknown command.
A kobold brigand is nearby!
Okay, then.
Unknown command.
Throw: 25 stones {throwing}
Press: ? - help, Q - select action Shift-Dir - straight line, f - kobold brigand
Aim: a kobold brigand, wielding a +0 dagger of venom and quivering curare-tipped darts (wandering, hasn't noticed you, 53% to hit)
You throw a stone {throwing}. The kobold brigand shouts!
The stone {throwing} hits the kobold brigand but does no damage.
The kobold brigand throws a curare-tipped dart.
The curare-tipped dart hits you.
You are poisoned.
You have difficulty breathing.
You feel yourself slow down. 😕 HP[-7]
You take 7 damage, and now have 34/41 hp.
Unknown command.
You feel very sick. 😮 HP[-6]
You take 6 damage, and now have 28/41 hp.
You feel very sick. 😮 HP[-4]
You take 4 damage, and now have 24/41 hp.
You feel very sick. 😮 HP[-3]
You take 3 damage, and now have 21/41 hp.
You feel sick.
The kobold brigand throws a curare-tipped dart.
The curare-tipped dart hits you.
You are more poisoned.
You have difficulty breathing.
* * * LOW HITPOINT WARNING * * *
You feel as though you will be slow longer. 😱 HP[-12]
You take 12 damage, and now have 9/41 hp.
MASSIVE DAMAGE!! (PAUSE) Unknown command.
Unknown command.
Unknown command.
Unknown command.
* * * LOW HITPOINT WARNING * * *
You feel very sick. 😱 HP[-2]
You take 2 damage, and now have 7/41 hp.
You aren't carrying any potions.
Unknown command.
Unknown command.
Okay, then.
* * * LOW HITPOINT WARNING * * *
You feel very sick. 😱 HP[-3]
You take 3 damage, and now have 4/41 hp.
You aren't carrying any potions.
You aren't carrying any potions.
You aren't carrying any potions.
Okay, then.
Unknown command.
Okay, then.
* * * LOW HITPOINT WARNING * * *
You feel sick. 😱 HP[-2]
You take 2 damage, and now have 2/41 hp.
* * * LOW HITPOINT WARNING * * *
You feel sick. 😱 HP[-1]
You take 1 damage, and now have 1/41 hp.
Unknown command.
Unknown command.
Unknown command.
You die...

Skill      XL: |  1  2  3  4 |
---------------+-------------+-----
Fighting       | 4 5 |  5.6
Axes           | |  2.0
Dodging        | |  2.0
Stealth        | |  6.6

Action                   |  1- 3 |  4- 6 || total
-------------------------+-------+-------++-------
Melee: Hand axe          |     9 |    44 ||    53
       Constrict         |     2 |    10 ||    12
       Tentacles         |     2 |     8 ||    10
Throw: Stone             |       |    14 ||    14
  Use: Potion            |     1 |     2 ||     3
       Scroll            |       |     1 ||     1
 Stab: Sleeping          |     1 |     8 ||     9
Armor: Skin              |       |     1 ||     1
Dodge: Dodged            |     9 |    30 ||    39

Levels and vault maps discovered:
D:5:      cheibrodos_thug_alley, layout_basic,
          nicolae_overflow_quartered_altars, gup_sewer_entry_spiral
D:6:      layout_loops_ring, minmay_temple_entry_drinking_statues,
          gammafunk_ghost_hive
Sewer:    sewer_minmay_treatment

Notes
Turn   | Place    | Note
-------+----------+-------------------------------------------
     0 | D:5      | spaghetti the Octopode Delver began the quest for the Orb.
     0 | D:5      | Reached XP level 1. HP: 16/16 MP: 1/1
     0 | D:5      | magus.rc [v1.9.6]
    14 | D:5      | Reached skill level 4 in Fighting
    14 | D:5      | Reached XP level 2. HP: 14/22 MP: 2/2
    14 | D:5      | Reached XP level 3. HP: 18/27 MP: 3/3
   214 | D:5      | Reached XP level 4. HP: 27/34 MP: 4/4
   300 | D:5      | Gained mutation: Potions are less effective at restoring
                  | your health. [potion of mutation]
   300 | D:5      | Gained mutation: You are weak. (Str -2) [potion of
                  | mutation]
   324 | D:5      | Reached skill level 5 in Fighting
   534 | D:5      | Found a glowing drain.
   539 | Sewer    | Entered a sewer
   565 | Sewer    | HP: 6/35 [river rat (6)]
   888 | Sewer    | Reached XP level 5. HP: 11/39 MP: 5/5
   892 | Sewer    | Noticed a kobold brigand
   892 | Sewer    | Noticed a kobold brigand
   913 | Sewer    | HP: 3/39 [river rat (9)]
  1239 | Sewer    | HP: 9/41 [asphyx]
  1241 | Sewer    | HP: 4/41 [poisoned by a kobold brigand (curare-tipped
                  | dart)]
  1243 | Sewer    | HP: 1/41 [poisoned by a kobold brigand (curare-tipped
                  | dart)]
  1244 | Sewer    | Succumbed to a kobold brigand's curare-tipped dart

Vanquished Creatures
  A bullfrog zombie (D:5)
  A hound (D:5)
  2 adders
  4 river rats
  A worm (D:5)
  A giant cockroach (D:5)
  A frilled lizard (Sewer)
  8 rats
19 creatures vanquished.

Table legend:
 A = Non-vault XP
 B = Vault XP
 C = Vault XP percentage of total XP
 D = Non-vault monster count
 E = Vault monster count
 F = Vault count percentage of total count
                 A         B        C        D         E       F
            +---------+---------+-------+---------+---------+-------
      Total |      89 |      95 |  51.6 |       2 |      17 |  89.5
            +---------+---------+-------+---------+---------+-------
        D:5 |      89 |      37 |  29.4 |       2 |       8 |  80.0
      Sewer |       0 |      58 | 100.0 |       0 |       9 | 100.0
            +---------+---------+-------+---------+---------+-------

Illustrated notes

Table legend:
 A = Kills in this place as a percentage of kills in entire the game.
 B = Kills by you in this place as a percentage of kills by you in the entire game.
 C = Kills by friends in this place as a percentage of kills by friends in the entire game.
 D = Other kills in this place as a percentage of other kills in the entire game.
 E = Experience gained in this place as a percentage of experience gained in the entire game.
 F = Experience gained in this place divided by the number of levels of this place that you have seen.
                   A       B       C       D       E      F
               +-------+-------+-------+-------+-------+----------------------
         Total | 100.0 | 100.0 |   N/A |   N/A | 100.0 |  61.3
       Dungeon |  52.6 |  52.6 |   N/A |   N/A |  68.5 |  63.0
         Sewer |  47.4 |  47.4 |   N/A |   N/A |  31.5 |  58.0
               +-------+-------+-------+-------+-------+----------------------

Table legend: (Time is in decaauts)
 A = Elapsed time spent in this place.
 B = Non-inter-level travel time spent in this place.
 C = Inter-level travel time spent in this place.
 D = Time resting spent in this place.
 E = Time spent auto-exploring this place.
 F = Levels seen in this place.
 G = Mean time per level.
                   A        B        C        D        E       F      G
               +--------+--------+--------+--------+--------+-----+--------+
         Total |   1240 |   1235 |      5 |    752 |    276 |   3 |  413.3 |
       Dungeon |    544 |    539 |      5 |    238 |    223 |   2 |  272.0 |
         Sewer |    696 |    696 |      0 |    514 |     53 |   1 |  696.0 |
               +--------+--------+--------+--------+--------+-----+--------+

Top non-repeatable levels by time:
   Sewer: 696 daAuts
     D:5: 455 daAuts
     D:6: 88 daAuts
